 Dungeon Crawl Stone Soup version 0.19-a0-1568-gdd01aac (webtiles) character file.

11 Amnesiac the Digger (level 2, -1/19 HPs)
             Began as a Mummy Earth Elementalist on Sept 15, 2016.
             Slain by a goblin (3 damage)
             ... led by Robin
             ... on level 2 of the Dungeon.
             The game lasted 00:00:58 (464 turns).

Amnesiac the Digger (Mummy Earth Elementalist)       Turns: 464, Time: 00:00:59

Health: -1/19      AC:  2    Str: 11    XL:     2   Next: 17%
Magic:  1/5        EV: 12    Int: 14    God:
Gold:   14         SH:  0    Dex: 12    Spells: 1 memorised, 4 levels left

rFire  x . .     SeeInvis .     b - 27 stones
rCold  + . .     Gourm    .     c - +0 robe
rNeg   + + +     Faith    .     (no shield)
rPois  ∞         Spirit   .     (no helmet)
rElec  .         Dismiss  .     (no cloak)
rCorr  .         Reflect  .     (no gloves)
MR     .....     Harm     .     (no boots)
Stlth  ++........               (no amulet)
                                (no ring)
                                (no ring)

@: no status effects
A: no food or potions, fire vulnerability, cold resistance 1, negative energy
resistance 3, torment resistance, unbreathing
a: no special abilities


You were on level 2 of the Dungeon.
You were not hungry.

You visited 1 branch of the dungeon, and saw 2 of its levels.

You collected 14 gold pieces.

Inventory:

Hand Weapons
 a - a +0 falchion
Missiles
 b - 27 stones (in hand)
Armour
 c - a +0 robe (worn)
Books
 d - a book of Geomancy

   Spells                             Type                      Level
   a - Sandblast                      Earth                        1
   b - Passwall                       Transmutation/Earth          2
   c - Stone Arrow                    Conjuration/Earth            3
   d - Petrify                        Transmutation/Earth          4
   e - Lee's Rapid Deconstruction     Earth                        5


   Skills:
 - Level 1.5 Dodging
 - Level 1.5 Stealth
 - Level 2.0 Spellcasting
   Level 0.7 Transmutations
 + Level 3.0 Earth Magic


You had 4 spell levels left.
You knew the following spells:

 Your Spells              Type           Power        Failure   Level  Hunger
z - Sandblast             Erth           #.....       10%         1    N/A

Dungeon Overview and Level Annotations

Branches:
Dungeon (2/15)

Altars:

Annotations:
D:2 Robin


Innate Abilities, Weirdness & Mutations

You do not eat or drink.
Your flesh is vulnerable to fire.
You are immune to poison.
Your flesh is cold resistant. (rC+)
You are immune to negative energy. (rN+++)
You are immune to unholy pain and torment.
You can survive without breathing.


Message History

Confirm with . or Enter, or press ? or * to list all spells.
Aiming: Sandblast
Press: ? - help, Shift-Dir - straight line, f - hobgoblin
Aim: a hobgoblin, wielding a club (unusually strong)
The rocky blast misses the hobgoblin.
The rocky blast misses the goblin.
The hobgoblin hits you with a club. Robin throws the goblin at you!
* * * LOW HITPOINT WARNING * * *
Unknown command.
The hobgoblin no longer looks unusually strong.
Robin throws the goblin at you!
Found a hand axe.
Really attack while wielding your 27 stones?
Okay, then.
The goblin barely misses you. Robin throws the goblin at you!
* * * LOW HITPOINT WARNING * * *
The goblin closely misses you.
Unknown command.
The goblin no longer looks unusually strong.
The goblin hits you.
You die...

....... #.....# .......
#.....# #......
#.....#...... .......
#.....#....... .......
.....#.....[.
##.....#####...##....(..
..)....gg...............
...#..@ggg....#........
#.#######g##........ ..
........gg........ ...
......g.##.#...... .##
.........#)#...... ....
.........gg....... ###..#
..........g.....##
#....######+#...#.........+
#............##...........#


You could see Robin, a hobgoblin and 4 goblins.

Vanquished Creatures
  A dart slug (D:1)
  5 goblins (D:2)
  A bat (D:1)
  A frilled lizard (D:2)
  A rat (D:1)
9 creatures vanquished.

Vanquished Creatures (others)
  A bat (D:2)
1 creature vanquished.

Grand Total: 10 creatures vanquished

Notes
Turn   | Place    | Note
-------+----------+-------------------------------------------
     0 | D:1      | Amnesiac the Mummy Earth Elementalist began the quest for the Orb.
     0 | D:1      | Reached XP level 1. HP: 13/13 MP: 3/3
   442 | D:2      | Noticed Robin
   452 | D:2      | Reached XP level 2. HP: 8/19 MP: 3/5
   453 | D:2      | Reached skill level 3 in Earth Magic
   464 | D:2      | Slain by a goblin

Vault maps used:
D:1:      dpeg_arrival_tiny_i, st_stairs_1, minmay_misc_feat_tiny,
          xom_teletrap_fun
D:2:      fiery_altar_vehumet, minmay_tetromino_l2, uniq_robin

Skill      XL: |  1  2 |
---------------+-------+-----
Earth Magic    | 3 |  3.0
Dodging        | |  1.5
Stealth        | |  1.5
Spellcasting   | |  2.0
Transmutations | |  0.7

Action                   || total
-------------------------++-------
 Cast: Sandblast         ||    16
Armor: Robe              ||     3
Dodge: Dodged            ||    13
